Map: Heavy Artillery LE

Players

crafty

  • Race: Terran Terran
  • Spawn Location: 7:00

ShadowStrike

  • Race: Zerg Zerg
  • Spawn Location: 7:00

Alebay - Winner!

  • Race: Protoss Protoss
  • Spawn Location: 3:00

MattBarry - Winner!

  • Race: Zerg Zerg
  • League: Gold
  • Spawn Location: 1:00

VOD

Have the link to the VOD?

Description

Time

  • Played on: Jan. 23, 2023, 11:57 p.m.
  • Length: 9:41
Show
View Real Time Build Order
Export as new Build Order

crafty Terran 

Build Orders:  

Get SALT Encoding   

  12  0:01  SCV  
  13  0:15  Supply Depot  
  13  0:18  SCV  
  14  0:30  SCV  
  15  0:41  Barracks  
  15  0:45  SCV  
  16  0:50  Refinery  
  16  0:54  Refinery  
  16  0:57  SCV  
  17  1:09  SCV  
  18  1:20  Barracks  
  18  1:21  SCV  
  19  1:33  SCV  
  19  1:36  Supply Depot  
  19  1:39  Marine  
  21  1:45  SCV  
  22  1:57  Reaper  
  23  2:08  Factory  
  23  2:17  Supply Depot, Barracks Tech Lab  
  23  2:23  SCV  
  23  2:29  Marine  
  25  2:47  Marine  
  25  2:50  Marauder  
  28  3:04  Marine  
  29  3:11  Marauder  
  31  3:22  Marine, Command Center  
  32  3:32  Supply Depot  
  32  3:33  Marauder  
  34  3:45  Factory Reactor  
  34  3:54  Marauder  
  37  4:10  Supply Depot  
  36  4:17  Engineering Bay  
  36  4:24  Hellion x2  
  40  4:45  Hellion x2  
  44  4:48  SCV  
  45  5:01  SCV  
  45  5:06  Barracks Reactor, Hellion  
  45  5:07  Hellion  
  50  5:09  Marine  
  50  5:12  Bunker  
  51  5:14  SCV  
  52  5:25  Orbital Command  
  52  5:27  Marine, SCV  
  54  5:32  Terran Infantry Weapons Level 1  
  54  5:39  Hellion  
  56  5:44  Hellion  
  56  5:45  Marine  
  59  5:55  SCV  
  60  6:00  Hellion  
  62  6:05  Hellion  
  62  6:07  SCV  
  65  6:19  SCV  
  65  6:20  Factory  
  62  6:31  SCV  
  51  7:17  Marine x2  
  51  7:21  Marauder  
  55  7:24  Hellion  
  55  7:26  Hellion  
  59  7:35  Marine x2  
  61  7:42  Marauder  
  63  7:45  Hellion  
  65  7:53  Marine x2  
  67  8:03  Marauder  
  69  8:07  Hellion  
  70  8:28  Marine  
  70  8:29  Marine  
  70  8:30  Hellion  
  70  8:31  Marauder  
  64  8:38  SCV  
  41  8:50  SCV x2  
  41  8:51  Hellion  
  41  8:53  Marauder  
  45  9:02  SCV x2  
  45  9:14  SCV x2  
  45  9:15  Missile Turret  
  39  9:26  SCV  
  39  9:27  SCV  
Show
View Real Time Build Order
Export as new Build Order

ShadowStrike Zerg 

Build Orders: Pool First 

Get SALT Encoding   

  12  0:00  Drone  
  13  0:12  Overlord  
  13  0:16  Drone  
  14  0:31  Drone x2  
  16  0:37  Drone  
  17  0:46  Spawning Pool  
  17  0:49  Drone  
  17  0:53  Extractor  
  16  0:58  Drone  
  17  1:13  Drone  
  18  1:20  Drone  
  19  1:28  Hatchery, Drone  
  19  1:40  Zergling x2  
  19  1:42  Queen  
  22  1:57  Overlord  
  22  2:10  Metabolic Boost  
  22  2:17  Drone  
  22  2:18  Drone  
  22  2:20  Queen  
  26  2:37  Drone x2  
  27  2:40  Queen  
  27  2:43  Drone  
  31  3:00  Drone x2  
  31  3:01  Drone x2  
  31  3:03  Overlord x2  
  35  3:21  Roach Warren, Drone  
  35  3:24  Drone, Extractor  
  35  3:26  Drone  
  37  3:27  Drone x2  
  37  3:30  Lair  
  38  4:11  Drone  
  38  4:12  Drone x3  
  38  4:15  Overlord  
  38  4:16  Overlord x2  
  42  4:20  Extractor  
  42  4:22  Drone x3  
  42  4:23  Drone x3, Extractor  
  46  4:40  Spine Crawler  
  46  4:42  Spine Crawler, Drone  
  46  4:44  Drone  
  46  4:45  Drone x2  
  48  4:47  Drone x2  
  48  4:49  Overlord x2  
  48  4:52  Glial Reconstitution  
  50  4:53  Pneumatized Carapace  
  50  5:04  Evolution Chamber  
  49  5:07  Evolution Chamber  
  49  5:08  Roach x4  
  56  5:33  Zerg Missile Weapons Level 1  
  56  5:34  Zerg Ground Armor Level 1  
  55  5:52  Roach x5  
  55  5:53  Roach x6  
  77  6:17  Ravager x3  
  77  6:18  Ravager x2  
  77  6:31  Ravager  
  77  6:32  Ravager x4  
  62  6:49  Zergling x20  
  62  6:50  Zergling x6  
  75  6:54  Queen  
  72  7:20  Hatchery  
  56  7:33  Roach  
  56  7:34  Roach x5  
  60  7:47  Spore Crawler  
  60  7:49  Spore Crawler  
  60  7:50  Queen  
  59  8:22  Drone  
  59  8:23  Drone x5  
  65  8:39  Drone x2  
  67  8:54  Drone x2  
  67  8:55  Drone x6  
  75  9:10  Spawning Pool  
Show
View Real Time Build Order
Export as new Build Order

Alebay Protoss - Winner!

Build Orders: 1 Gate Expand 

Get SALT Encoding   

  12  0:00  Probe  
  13  0:12  Probe  
  14  0:24  Probe  
  14  0:27  Pylon  
  15  0:36  Assimilator  
  15  0:46  Gateway, Probe  
  16  0:58  Probe  
  17  1:10  Probe  
  18  1:22  Probe  
  19  1:30  Nexus  
  19  1:34  Probe  
  19  1:36  Cybernetics Core  
  20  1:43  Assimilator  
  20  1:46  Probe  
  21  1:58  Probe  
  21  2:00  Pylon  
  22  2:04  Warp Gate (Chrono Boost)  
  22  2:18  Adept  
  24  2:29  Robotics Facility, Probe  
  25  2:31  Shield Battery  
  25  2:41  Probe  
  25  2:44  Probe  
  27  2:49  Stalker  
  29  2:54  Probe  
  29  2:56  Probe  
  31  3:06  Probe  
  31  3:08  Probe  
  33  3:12  Gateway  
  33  3:17  Immortal  
  37  3:20  Probe  
  37  3:25  Probe  
  39  3:31  Pylon  
  39  3:33  Stalker  
  41  3:36  Probe  
  42  3:44  Probe  
  42  3:45  Pylon  
  43  3:49  Probe  
  44  3:57  Probe  
  44  4:00  Pylon  
  44  4:01  Probe  
  46  4:06  Stalker  
  46  4:09  Stalker, Probe  
  51  4:13  Probe  
  51  4:15  Forge  
  52  4:19  Assimilator  
  52  4:21  Probe  
  53  4:25  Probe  
  53  4:30  Stalker  
  56  4:33  Stalker  
  56  4:35  Probe  
  56  4:37  Probe  
  60  4:39  Protoss Ground Weapons Level 1 (Chrono Boost)  
  60  4:40  Assimilator  
  60  4:42  Pylon  
  60  4:52  Immortal  
  64  4:58  Probe x2  
  64  4:59  Stalker  
  68  5:04  Stalker  
  70  5:12  Twilight Council  
  70  5:23  Gateway  
  70  5:24  Gateway  
  70  5:26  Stalker  
  72  5:41  Stalker  
  74  5:50  Stalker  
  76  6:04  Pylon  
  76  6:05  Pylon  
  76  6:06  Pylon  
  76  6:07  Photon Cannon  
  76  6:10  Protoss Ground Armor Level 1 (Chrono Boost)  
  66  6:48  Stalker x3  
  66  6:49  Stalker  
  72  6:56  Photon Cannon  
  64  7:35  Stalker x2  
  64  7:36  Stalker x2  
  72  7:43  Probe x2  
  74  7:45  Blink (Chrono Boost)  
  74  7:48  Immortal  
  78  7:56  Gateway  
  78  7:58  Gateway  
  78  7:59  Gateway  
  78  8:05  Stalker  
  78  8:06  Stalker x3  
  78  8:09  Nexus  
  86  8:14  Pylon  
  86  8:16  Pylon  
  86  8:24  Robotics Facility  
  86  8:29  Robotics Bay  
  86  8:30  Stalker  
  86  8:31  Stalker x3  
Show
View Real Time Build Order
Export as new Build Order

MattBarry Zerg - Winner!

Build Orders: Pool First 

Get SALT Encoding   

  12  0:00  Drone  
  13  0:09  Drone  
  14  0:22  Extractor  
  14  0:24  Drone  
  14  0:39  Spawning Pool, Overlord  
  13  0:44  Drone  
  14  1:02  Drone  
  15  1:05  Drone  
  16  1:20  Hatchery  
  15  1:37  Queen  
  15  1:38  Drone  
  15  1:39  Drone  
  19  1:42  Drone  
  20  1:50  Metabolic Boost  
  20  1:56  Zergling x2  
  21  2:07  Drone  
  22  2:24  Overlord  
  22  2:33  Zergling x2  
  22  2:37  Queen  
  23  2:39  Lair  
  23  2:41  Drone  
  25  3:06  Drone x3  
  25  3:07  Drone  
  25  3:10  Roach Warren  
  28  3:15  Queen  
  30  3:31  Drone x2  
  30  3:32  Drone x2  
  34  3:36  Extractor  
  34  3:37  Drone  
  34  3:38  Drone  
  35  3:46  Spire  
  33  4:11  Drone x3  
  33  4:12  Overlord  
  33  4:14  Overlord  
  36  4:18  Evolution Chamber  
  35  4:27  Baneling Nest  
  35  4:30  Drone x2  
  36  4:31  Overlord  
  36  4:32  Roach x2  
  36  4:33  Roach  
  42  4:40  Extractor  
  42  4:41  Extractor  
  40  4:46  Queen  
  42  4:55  Drone x4  
  42  4:58  Hatchery  
  45  5:00  Mutalisk  
  47  5:17  Mutalisk  
  49  5:29  Mutalisk  
  51  5:36  Zergling x18  
  60  5:43  Overlord x2  
  60  6:02  Mutalisk x3  
  66  6:05  Mutalisk  
  63  6:29  Mutalisk  
  63  6:30  Mutalisk  
  64  6:40  Mutalisk  
  64  6:42  Mutalisk  
  67  6:51  Mutalisk  
  69  7:06  Mutalisk  
  71  7:11  Extractor  
  71  7:14  Extractor  
  67  7:17  Mutalisk  
  63  7:23  Mutalisk  
  65  7:36  Mutalisk  
  67  7:46  Mutalisk x2  
  71  8:02  Mutalisk  
  73  8:09  Drone x2  
  69  8:22  Mutalisk  
  69  8:23  Mutalisk  
  65  8:49  Mutalisk x2  
  65  8:50  Mutalisk x2  
  71  9:05  Mutalisk x2  
Tags
 
Add a new tag
Caveats
  • Supply blocks, unpowered buildings, or Contaminate may cause inaccurate times.
  • Supply counts are checked every 10 seconds.